 Dungeon Crawl Stone Soup version 0.28-a0-10-g964c8b829e (webtiles) character file.

Game seed: 7035732210438744987

2299 Sobieck the Destroyer (level 9, -7/51 HPs)
             Began as a Tengu Conjurer on July 25, 2021.
             Was an Initiate of Gozag.
             Shot with a sling bullet by Joseph (16 damage)
             ... on level 7 of the Dungeon.
             The game lasted 00:17:28 (8970 turns).

Sobieck the Destroyer (Tengu Conjurer)              Turns: 8970, Time: 00:17:29

Health: -7/51      AC:  4    Str:  4    XL:     9   Next: 40%
Magic:  5/16       EV: 16    Int: 21    God:    Gozag
Gold:   875        SH:  0    Dex: 13    Spells: 9/16 levels left

rFire   + + .      SeeInvis .   a - staff of conjuration {!a@e2staff}
rCold   . . .      Faith    .   (no shield)
rNeg    + + .      Spirit   .   c - +0 robe
rPois   .          Reflect  .   (helmet restricted)
rElec   .          Harm     .   y - +0 cloak {Stlth+}
rCorr   +          Rampage  .   L - +0 pair of gloves
Will    +....                   (boots unavailable)
Stlth   +++.......              N - amulet "Nytotiel" {rF++ rN++ Regen+ Str-4}
HPRegen 1.17/turn               O - ring of resist corrosion
MPRegen 0.15/turn               h - ring of willpower

@: flying quickly and evasively, quick
A: beak, talons 3, nimble flight
a: Renounce Religion, Potion Petition, Call Merchant, Bribe Branch


You were on level 7 of the Dungeon.
You worshipped Gozag.
Gozag was pleased with you.
You visited 1 branch of the dungeon, and saw 8 of its levels.

You collected 1103 gold pieces.
You spent 207 gold pieces at shops.
You paid 21 gold pieces to Gozag.


Innate Abilities, Weirdness & Mutations

You have a beak for a mouth.
You have claws for feet.
Your magical nature lets you fly swiftly and evasively.


   Skills:
 + Level 3.5 Fighting
 + Level 4.7 Dodging
 - Level 2.0 Stealth
 + Level 4.0 Spellcasting
 - Level 13.0 Conjurations
 - Level 3.0 Translocations


You had 9 spell levels left.
You knew the following spells:

 Your Spells              Type           Power      Damage    Failure   Level
a - Magic Dart            Conj           100%       1d8       1%          1
b - Searing Ray           Conj           100%       3d7       1%          2
c - Iskenderun's Mystic   Conj/Tloc      54%        2d12      4%          4

Your spell library contained the following spells:

 Spells                   Type           Power      Damage    Failure   Level
 Dazzling Flash           Conj/Hex       94%        N/A       2%          3
 Mephitic Cloud           Conj/Pois/Air  33%        N/A       6%          3
 Fulminant Prism          Conj/Hex       23%        3d13      9%          4
 Call Imp                 Summ           4%         N/A       19%         2
 Poisonous Vapours        Pois/Air       8%         N/A       19%         2
 Slow                     Hex            4%         N/A       19%         2
 Confusing Touch          Hex            4%         N/A       34%         3
 Animate Armour           Summ/Erth      8%         N/A       75%         4
 Conjure Ball Lightning   Conj/Air       23%        3x3d6     77%         6
 Iron Shot                Conj/Erth      23%        9d5       77%         6
 Blade Hands              Tmut           2%         N/A       97%         5
 Yara's Violent Unravell  Hex/Tmut       2%         3d3       97%         5
 Maxwell's Capacitive Co  Air            2%         ∞         100%        8

Inventory:

Hand Weapons
 b - a +2 scimitar {long}
   (You found it on level 1 of the Dungeon)
 i - a +2 hunting sling of flaming {sling}
   (You found it on level 1 of the Dungeon)
 j - a +0 hand axe of flaming {axe}
   (You found it on level 5 of the Dungeon)
 D - a +2 dagger of venom {short}
   (You took it off a goblin on level 4 of the Dungeon)
 E - a +1 dagger of electrocution {short}
   (You took it off a goblin on level 4 of the Dungeon)
 H - a +0 dagger of flaming {short}
   (You took it off a kobold on level 5 of the Dungeon)
 I - a +0 short sword of draining {short}
   (You took it off a kobold on level 5 of the Dungeon)
 M - a +2 short sword of protection {short}
   (You took it off a kobold on level 6 of the Dungeon)
 Q - a +1 vampiric spear {polearm}
   (You took it off a gnoll on level 7 of the Dungeon)
 R - a +0 vorpal hand axe {axe}
   (You took it off an orc on level 7 of the Dungeon)
Missiles
 e - 214 stones {throwing}
 k - 20 poisoned darts {throwing}
 l - 23 sling bullets
 m - 84 arrows
 v - 6 boomerangs {throwing}
 G - a curare-tipped dart {=fthrowing}
 P - 21 bolts
Armour
 c - a +0 robe (worn)
 n - a +0 cloak
   (You found it on level 2 of the Dungeon)
 t - a +0 leather armour of poison resistance
   (You took it off Ijyb on level 3 of the Dungeon)
 y - a +0 cloak of stealth (worn)
   (You bought it in a shop on level 6 of the Dungeon)
 L - a +0 pair of gloves (worn)
   (You bought it in a shop on level 6 of the Dungeon)
Magical Staves
 a - a staff of conjuration (weapon) {!a@e2staff}
   (You acquired it on level 6 of the Dungeon)
 d - a staff of death {!astaff}
   (You found it on level 1 of the Dungeon)
 x - a staff of poison {!astaff}
   (You found it on level 4 of the Dungeon)
Jewellery
 g - a +4 ring of slaying
   (You found it on level 1 of the Dungeon)
 h - a ring of willpower (right hand)
   (You found it on level 1 of the Dungeon)
 o - a +4 ring of evasion
   (You found it on level 2 of the Dungeon)
 N - the amulet "Nytotiel" (around neck) {rF++ rN++ Regen+ Str-4}
   (You acquired it on level 6 of the Dungeon)

   [amulet of regeneration]

   Str:       It affects your strength (-4).
   rF:        It greatly protects you from fire.
   rN:        It greatly protects you from negative energy.
   Regen:     It increases your rate of health regeneration.
 O - a ring of resist corrosion (left hand)
   (You found it on level 7 of the Dungeon)
Wands
 q - a wand of charming (17)
   (You found it on level 5 of the Dungeon)
 u - a wand of flame (12)
   (You took it off Ijyb on level 3 of the Dungeon)
 B - a wand of acid (9)
   (You found it on level 4 of the Dungeon)
Scrolls
 f - 2 scrolls of amnesia
 r - 3 scrolls of teleportation {@r4}
 w - a scroll of fog
 A - a scroll of noise {!r}
Potions
 p - 3 potions of brilliance
 s - a potion of haste {unknown}
 z - a potion of flight {unknown}
 C - a potion of lignification {unknown}
 F - 2 potions of heal wounds {unknown}
 J - 2 potions of curing {unknown}
 K - a potion of degeneration {unknown}

Dungeon Overview and Level Annotations

Branches:
Dungeon (8/15)             Temple (0/1) D:5
   Lair: D:8-11

Altars:
Gozag
Qazlal
Trog

Shops:
D:6 [

Annotations:
D:7 exclusion: downstairs, Joseph

# #.#
#........ #
#.#
#........
#########
#.#
#........
........#
#)#
#........
#######.#
#.# #.#
###.# #.#
#.# #...#
#.# #.#
#.###
#.#######.#
#.#
#.....@.@.#
#.#
###########
#.# #.#
#####.#
......#
#######


You could see Joseph.


Message History

You lost 1 mp, and now have 14/16 mp.
An orc comes into view. It is wielding a +0 club.
You feel a surge of power!
The magic dart hits the orc.
You feel a surge of power!
The magic dart hits the orc. 😎 MP[-1]
You lost 1 mp, and now have 13/16 mp.
You feel a surge of power!
The magic dart hits the orc.
You kill the orc! 😎 MP[-1]
You lost 1 mp, and now have 12/16 mp.
You can't see any susceptible monsters within range! (Use Z to cast anyway.)
You now have 875 gold pieces (gained 10).
Things that are here:
a +0 club {mace}; a +0 hand axe {axe} 😎 MP[+4]
Your mp is fully restored (16).
Joseph, a Mercenary comes into view.
He is wielding a +0 quarterstaff, wearing a +1 ring mail of poison resistance and carrying a wand of acid (6).
You feel a surge of power!
The magic dart hits Joseph but does no damage.
Joseph shouts!
Joseph unwields a +0 quarterstaff.
Joseph wields a +0 hunting sling.
Joseph shoots a sling bullet.
The sling bullet closely misses you. 😎 MP[-1]
You lost 1 mp, and now have 15/16 mp.
Unknown command.
You start resting. 😎 MP[+1]
Your mp is fully restored (16).
You start waiting.
Joseph is nearby!
Casting: Magic Dart (safe; 1% risk of failure)
Confirm with . or Enter, or press ? or * to list all spells.
Aiming: Searing Ray (safe; 1% risk of failure)
Press: ? - help, Shift-Dir - straight line, f/p - Joseph
Aim: Joseph, wielding a +0 hunting sling, wearing a +1 ring mail of poison resistance, quivering sling bullets and carrying a wand of acid (6) (wandering, hasn't noticed you, 85% to hit)
You feel a surge of power!
The searing ray hits Joseph.
Joseph shouts! (Press . to maintain the ray.) Joseph zaps a wand.
The bolt of acid misses you. 😎 MP[-2]
You lost 2 mp, and now have 14/16 mp.
The searing ray hits Joseph but does no damage.
Joseph says, "You will never get the ORB, sorry."
Joseph shoots a sling bullet.
The sling bullet closely misses you. 😎 MP[-1]
You lost 1 mp, and now have 13/16 mp.
The searing ray hits Joseph!
Joseph shoots a sling bullet.
The sling bullet barely misses you. 😎 MP[-1]
You lost 1 mp, and now have 12/16 mp.
The searing ray hits Joseph!
You finish channeling your searing ray.
Joseph zaps a wand.
The bolt of acid hits you!!
You are splashed with acid!
* * * LOW HITPOINT WARNING * * *
😨 HP[-32] MP[-1]
You take 32 damage, and now have 19/51 hp.
MASSIVE DAMAGE!! (PAUSE)
You lost 1 mp, and now have 11/16 mp.
Casting: Searing Ray (safe; 1% risk of failure)
Confirm with . or Enter, or press ? or * to list all spells.
Aiming: Searing Ray (safe; 1% risk of failure)
Press: ? - help, Shift-Dir - straight line, f/p - Joseph
Aim: Joseph, wielding a +0 hunting sling, wearing a +1 ring mail of poison resistance, quivering sling bullets and carrying a wand of acid (4) (moderately wounded, 85% to hit)
You feel a surge of power!
The searing ray hits Joseph! (Press . to maintain the ray.) 😨 HP[+1] MP[-2]
You lost 2 mp, and now have 9/16 mp.
The searing ray hits Joseph! 😨 HP[+1]
The searing ray hits Joseph.
Joseph zaps a wand.
The bolt of acid misses you. 😨 HP[+2] MP[-1]
You regained 2 hp, and now have 23/51 hp.
You lost 1 mp, and now have 8/16 mp.
The searing ray hits Joseph.
You finish channeling your searing ray.
Joseph shoots a sling bullet.
The sling bullet barely misses you. 😨 HP[+1] MP[-1]
You lost 1 mp, and now have 7/16 mp.
You're wearing all the rings you can.
Remove which one? (? for menu, Esc to cancel) < or
g - a +4 ring of slaying; > or
h - a ring of willpower You remove your +4 ring of slaying.
Joseph shoots a sling bullet.
The sling bullet hits you!
* * * LOW HITPOINT WARNING * * *
O - a ring of resist corrosion (left hand) 😱 HP[-16]
You take 16 damage, and now have 8/51 hp.
MASSIVE DAMAGE!! (PAUSE)
Casting: Searing Ray (safe; 1% risk of failure)
Confirm with . or Enter, or press ? or * to list all spells.
Aiming: Searing Ray (safe; 1% risk of failure)
Press: ? - help, Shift-Dir - straight line, f/p - Joseph
Aim: Joseph, wielding a +0 hunting sling, wearing a +1 ring mail of poison resistance, quivering sling bullets and carrying a wand of acid (3) (severely wounded, 85% to hit)
You feel a surge of power!
The searing ray hits Joseph! (Press . to maintain the ray.) Joseph shoots a sling bullet.
The sling bullet hits you!
You die...
Your body crumbles into a pile of gold.

Skill      XL: |  1  2  3  4  5  6  7  8  9 |
---------------+----------------------------+-----
Conjurations   | 6 7 9 10 12 13 | 13.0
Translocations | 3 |  3.0
Fighting       | 1 3 |  3.5
Dodging        | 3 4 |  4.7
Spellcasting   | 4 |  4.0
Stealth        | |  2.0

Action                   |  1- 3 |  4- 6 |  7- 9 || total
-------------------------+-------+-------+-------++-------
Melee: Scimitar          |     1 |     8 |    15 ||    24
       Kick              |       |     4 |     5 ||     9
       Peck              |       |     4 |     1 ||     5
 Cast: Magic Dart        |    72 |    37 |   133 ||   242
       Searing Ray       |     1 |    11 |    29 ||    41
  Use: Scroll            |       |       |    13 ||    13
Armor: Robe              |     1 |       |     9 ||    10
Dodge: Dodged            |     2 |    12 |    43 ||    57
       Rpst.: Scimitar   |     1 |     5 |     4 ||    10

Levels and vault maps discovered:
D:1:      eino_arrival_tree_alley, layout_basic, minivault_19,
          kennysheep_another_room, minivault_26
D:2:      layout_loops_cross, chequers_ecumenical_altar_grove, basic_altar
D:3:      layout_basic, mainiacjoe_overflow_surrounded_room, uniq_ijyb
D:4:      layout_loops_cross, bloody_trog, chequers_serial_rivers_micro_b,
          uniq_grinder, uniq_robin
D:5:      layout_rooms, temple_hall, grunt_ministairs_1, minmay_crystal_room,
          chequers_serial_rivers_micro_c
D:6:      kennysheep_kobold_camp, layout_layer_cave, serial_shops,
          nicolae_lakefront_shop, enter_ossuary_1,
          chequers_serial_rivers_micro_b
D:7:      layout_basic, lemuel_blue_sif_altar, uniq_prince_ribbit1, uniq_joseph
D:8:      layout_gridville, uniq_grum

Notes
Turn   | Place    | Note
-------+----------+-------------------------------------------
     0 | D:1      | Sobieck the Tengu Conjurer began the quest for the Orb.
     0 | D:1      | Reached XP level 1. HP: 10/10 MP: 4/4
     0 | D:1      | magus.rc [v1.9.6]
   166 | D:1      | Reached XP level 2. HP: 15/15 MP: 1/6
   169 | D:1      | Learned a level 2 spell: Searing Ray
   257 | D:1      | Reached skill level 6 in Conjurations
   635 | D:1      | Reached XP level 3. HP: 19/19 MP: 5/7
  1180 | D:2      | Reached skill level 7 in Conjurations
  1389 | D:2      | Found an opulent altar of Gozag.
  1395 | D:2      | You pick up a book of Iron and begin reading...
  1395 | D:2      | You add the spells Animate Armour, Blade Hands and Iron
                  | Shot to your library.
  1400 | D:2      | Became a worshipper of Gozag Ym Sagoz the Greedy
  1529 | D:2      | Found a faded altar of an unknown god.
  1772 | D:2      | Reached XP level 4. HP: 24/24 MP: 6/8
  2336 | D:4      | Noticed Grinder
  2345 | D:4      | HP: 6/24 [Grinder (5)]
  2346 | D:4      | Killed Grinder
  2347 | D:4      | Reached skill level 9 in Conjurations
  2347 | D:4      | Gained mutation: Your magical nature lets you fly swiftly
                  | and evasively. [Tengu growth]
  2347 | D:4      | Reached XP level 5. HP: 6/28 MP: 1/9
  2347 | D:4      | Reached XP level 6. HP: 7/32 MP: 1/10
  2682 | D:3      | Found a stormy altar of Qazlal.
  2963 | D:3      | Noticed Ijyb
  2966 | D:3      | Killed Ijyb
  3490 | D:5      | Entered Level 5 of the Dungeon
  3581 | D:4      | Reached skill level 10 in Conjurations
  3677 | D:4      | Noticed Robin
  3680 | D:4      | Killed Robin
  3944 | D:4      | You add the spells Poisonous Vapours, Mephitic Cloud,
                  | Conjure Ball Lightning and Maxwell's Capacitive Coupling to
                  | your library.
  3944 | D:4      | Got Gofilisai's Compendium of Cloudy Envenoming
  3978 | D:5      | You pick up a book of Misfortune and begin reading...
  3978 | D:5      | You add the spells Slow, Confusing Touch and Yara's Violent
                  | Unravelling to your library.
  4015 | D:5      | Reached XP level 7. HP: 22/36 MP: 4/11
  4364 | D:4      | Reached skill level 11 in Conjurations
  4393 | D:4      | Found a bloodstained altar of Trog.
  4948 | D:6      | Identified a scroll of acquirement
  4948 | D:6      | Acquired a staff of conjuration
  4991 | D:5      | Reached skill level 12 in Conjurations
  4992 | D:5      | Reached XP level 8. HP: 41/41 MP: 7/12
  5017 | D:5      | Learned a level 4 spell: Iskenderun's Mystic Blast
  5172 | D:5      | Reached skill level 1 in Translocations
  5261 | D:5      | Found a staircase to the Ecumenical Temple.
  5931 | D:6      | Reached skill level 13 in Conjurations
  6085 | D:6      | Reached skill level 2 in Translocations
  6241 | D:6      | Reached skill level 3 in Translocations
  6440 | D:6      | Reached skill level 1 in Fighting
  6633 | D:6      | Found Qurgh's Armour Shoppe.
  6641 | D:6      | Bought a +0 cloak of stealth for 149 gold pieces
  6641 | D:6      | Bought a +0 pair of gloves for 58 gold pieces
  6730 | D:6      | Reached skill level 3 in Dodging
  7207 | D:6      | Reached XP level 9. HP: 48/48 MP: 8/14
  7284 | D:6      | Reached skill level 2 in Fighting
  7284 | D:6      | Reached skill level 3 in Spellcasting
  7691 | D:6      | Acquired the amulet "Nytotiel" {rF++ rN++ Regen+ Str-4}
  8012 | D:7      | Noticed a troll
  8019 | D:7      | Killed a troll
  8020 | D:7      | Reached skill level 3 in Fighting
  8020 | D:7      | Reached skill level 4 in Dodging
  8244 | D:7      | Reached skill level 4 in Spellcasting
  8634 | D:8      | You pick up a book of Minor Magic and begin reading...
  8864 | D:7      | Noticed Joseph
  8968 | D:7      | HP: 7/51 [Joseph/sling bullet (17)]
  8970 | D:7      | Shot with a sling bullet by Joseph

Vanquished Creatures
  A troll (D:7)
  Grinder (D:4)
  An ice beast (D:6)
  2 black bears
  2 ogres (D:6)
  A necrophage (D:5)
  A centaur (D:5)
  2 kobold brigands
  2 bullfrogs
  2 scorpions
  A wyvern skeleton (D:6)
  6 killer bees
  A water moccasin skeleton (D:6)
  A centaur zombie (D:6)
  2 jellies
  An orc priest (D:6)
  A gnoll shaman (D:7)
  2 orc wizards (D:7)
  Ijyb (D:3)
  An iguana (D:4)
  Robin (D:4)
  5 gnolls (D:7)
  8 adders
  A howler monkey skeleton (D:6)
  An adder zombie (D:5)
  A worm (D:2)
  4 dart slugs
  23 orcs
  2 ball pythons
  9 bats
  7 endoplasms
  2 giant cockroaches
  9 goblins
  12 hobgoblins
  5 quokkas
  4 frilled lizards
  31 kobolds
  2 rats (D:1)
159 creatures vanquished.

Vanquished Creatures (others)
  85 plants (D:6)
85 creatures vanquished.

Grand Total: 244 creatures vanquished

Table legend:
 A = Non-vault XP
 B = Vault XP
 C = Vault XP percentage of total XP
 D = Non-vault monster count
 E = Vault monster count
 F = Vault count percentage of total count
                 A         B        C        D         E       F
            +---------+---------+-------+---------+---------+-------
      Total |    2652 |     633 |  19.3 |     123 |      36 |  22.6
            +---------+---------+-------+---------+---------+-------
        D:1 |      41 |       0 |   0.0 |      24 |       0 |   0.0
        D:2 |      42 |       0 |   0.0 |      14 |       0 |   0.0
        D:3 |      38 |      36 |  48.6 |      14 |       1 |   6.7
        D:4 |     144 |     327 |  69.4 |       9 |      13 |  59.1
        D:5 |     777 |     141 |  15.4 |      23 |       2 |   8.0
        D:6 |     761 |     129 |  14.5 |      14 |      20 |  58.8
        D:7 |     849 |       0 |   0.0 |      25 |       0 |   0.0
            +---------+---------+-------+---------+---------+-------

Illustrated notes

Table legend:
 A = Kills in this place as a percentage of kills in entire the game.
 B = Kills by you in this place as a percentage of kills by you in the entire game.
 C = Kills by friends in this place as a percentage of kills by friends in the entire game.
 D = Other kills in this place as a percentage of other kills in the entire game.
 E = Experience gained in this place as a percentage of experience gained in the entire game.
 F = Experience gained in this place divided by the number of levels of this place that you have seen.
                   A       B       C       D       E      F
               +-------+-------+-------+-------+-------+----------------------
         Total | 100.0 | 100.0 |   N/A |   N/A | 100.0 | 410.6
       Dungeon | 100.0 | 100.0 |   N/A |   N/A | 100.0 | 410.6
               +-------+-------+-------+-------+-------+----------------------

Table legend: (Time is in decaauts)
 A = Elapsed time spent in this place.
 B = Non-inter-level travel time spent in this place.
 C = Inter-level travel time spent in this place.
 D = Time resting spent in this place.
 E = Time spent auto-exploring this place.
 F = Levels seen in this place.
 G = Mean time per level.
                   A        B        C        D        E       F      G
               +--------+--------+--------+--------+--------+-----+--------+
         Total |   8625 |   8281 |    344 |   1513 |   5774 |   8 | 1078.1 |
       Dungeon |   8625 |   8281 |    344 |   1513 |   5774 |   8 | 1078.1 |
               +--------+--------+--------+--------+--------+-----+--------+

Top non-repeatable levels by time:
     D:6: 1932 daAuts
     D:1: 1205 daAuts
     D:3: 1197 daAuts
     D:4: 1184 daAuts
     D:7: 1162 daAuts
     D:5: 1091 daAuts
     D:2: 834 daAuts
     D:8: 18 daAuts
